Map: Neon Violet Square LE

Players

fruitcake

  • Race: Terran Terran
  • Spawn Location: 5:00

A.I. 1 (Elite) - Winner!

  • Race: Terran Terran
  • Spawn Location: 11:00

VOD

Have the link to the VOD?

Description

Time

  • Played on: May 10, 2018, 4:20 p.m.
  • Length: 6:08
Show
View Real Time Build Order
Export as new Build Order

fruitcake Terran 

Build Orders:  

Get SALT Encoding   

  12  0:01  SCV  
  13  0:13  Supply Depot  
  13  0:18  SCV  
  14  0:26  Refinery  
  14  0:34  SCV  
  15  0:47  Barracks  
  15  0:48  SCV  
  16  1:06  SCV  
  16  1:08  Refinery  
  17  1:16  Supply Depot  
  17  1:18  SCV  
  18  1:30  SCV  
  19  1:35  Marine, Supply Depot  
  20  1:42  SCV  
  21  1:53  Marine  
  22  2:11  Marine  
  22  2:13  Command Center  
  23  2:22  SCV  
  24  2:32  Factory  
  24  2:34  SCV  
  25  2:46  SCV  
  26  2:54  Barracks  
  26  2:58  SCV  
  28  3:10  SCV  
  28  3:17  Barracks Reactor  
  28  3:22  SCV  
  29  3:28  Starport  
  29  3:37  SCV  
  29  3:38  SCV  
  29  3:39  Factory Reactor  
  31  3:49  SCV  
  31  3:50  SCV  
  33  4:01  SCV  
  34  4:17  Barracks Reactor  
  34  4:20  Cyclone x2  
  34  4:21  SCV  
  34  4:22  SCV  
  42  4:25  Liberator  
  42  4:33  SCV  
  42  4:34  SCV  
  42  4:38  Refinery  
  44  4:39  Refinery  
  47  4:45  SCV  
  47  4:49  SCV  
  49  4:55  Barracks Tech Lab  
  49  5:01  SCV  
  49  5:04  Supply Depot  
  50  5:20  SCV  
  46  5:31  SCV  
  46  5:32  Marine x2, SCV, Marauder  
  47  5:49  Marine x2  
Show
View Real Time Build Order
Export as new Build Order

A.I. 1 (Elite) Terran - Winner!

Build Orders: 1/1/1, Banshee Rush 

Get SALT Encoding   

  12  0:00  SCV  
  13  0:13  SCV  
  14  0:20  Supply Depot  
  14  0:25  SCV  
  15  0:30  Refinery  
  15  0:41  SCV  
  16  0:47  Barracks  
  16  0:54  SCV  
  16  0:56  Refinery  
  17  1:06  SCV  
  18  1:18  SCV  
  19  1:35  Orbital Command  
  19  1:37  Marine  
  19  1:38  Factory  
  20  1:55  Marine  
  20  1:58  Supply Depot  
  20  2:01  SCV  
  22  2:23  Starport  
  22  2:25  SCV  
  22  2:26  Starport  
  23  2:37  SCV  
  23  2:41  Supply Depot  
  24  2:49  SCV  
  25  3:00  Starport Tech Lab  
  25  3:03  Starport Tech Lab  
  25  3:15  SCV  
  25  3:18  Marine, Cloaking Field, Banshee  
  30  3:21  Banshee  
  30  3:26  Supply Depot  
  33  3:27  SCV  
  34  3:36  Marine  
  34  3:39  SCV  
  36  3:52  SCV  
  36  3:54  Marine  
  38  4:01  Banshee  
  41  4:04  Barracks, Factory Tech Lab, Banshee  
  44  4:25  Siege Tank  
  47  4:33  Command Center  
  47  4:42  Supply Depot  
  47  4:57  Barracks Tech Lab  
  47  5:03  Marine  
  47  5:06  Barracks  
  48  5:09  Supply Depot  
  48  5:14  Marine  
  49  5:21  Barracks Reactor  
  49  5:26  Siege Tank  
  52  5:33  Marauder  
  54  5:37  Supply Depot  
  54  5:46  SCV x2  
  54  5:47  Refinery  
Tags
 
Add a new tag
Caveats
  • Supply blocks, unpowered buildings, or Contaminate may cause inaccurate times.
  • Supply counts are checked every 10 seconds.